 Dungeon Crawl Stone Soup version 0.28-a0-1212-gc6b4282bc0 (webtiles) character file.

Game seed: 13384686878242555243

21 MordorOrchid the Covert (level 2, -1/29 HPs)
             Began as a Gnoll Delver on Dec 21, 2021.
             Succumbed to an adder's poison
             ... on level 4 of the Dungeon.
             The game lasted 00:01:28 (221 turns).

MordorOrchid the Covert (Gnoll Delver)               Turns: 221, Time: 00:01:28

Health: -1/29      AC:  3    Str: 11    XL:     2   Next: 87%
Magic:  2/2        EV:  8    Int:  9    God:
Gold:   16         SH: 10    Dex: 13    Spells: 2/2 levels left

rFire   . . .      SeeInvis .   l - +2 whip (flame)
rCold   . . .      Faith    .   k - +0 tower shield
rNeg    . . .      Spirit   .   b - +0 leather armour
rPois   .          Reflect  .   (no helmet)
rElec   .          Harm     .   (no cloak)
rCorr   .          Rampage  .   (no gloves)
Will    .....                   (no boots)
Stlth   ++++......              (no amulet)
HPRegen 0.09/turn               (no ring)
MPRegen 0.08/turn               (no ring)

@: lethally poisoned (-1 -> -9)
A: fangs 1, strong nose, distributed training
a: no special abilities


You were on level 4 of the Dungeon.
You visited 1 branch of the dungeon, and saw 2 of its levels.

You collected 16 gold pieces.

Inventory:

Hand Weapons
 a - a +0 falchion
 l - a +2 whip of flaming (weapon)
Missiles
 i - 19 sling bullets
Armour
 b - a +0 leather armour (worn)
 h - a +0 ring mail
 k - a +0 tower shield (worn)
Wands
 g - a wand of digging (3)
Scrolls
 c - a scroll of fog
 d - 4 scrolls of magic mapping
 e - a scroll of fear
Potions
 f - a potion of haste
 j - a potion of attraction {unknown}


   Skills:
 + Level 6.5 Fighting
 + Level 0.5 Short Blades
 + Level 4.5 Long Blades
 + Level 0.5 Axes
 + Level 0.5 Maces & Flails
 + Level 0.5 Polearms
 + Level 0.5 Staves
 + Level 0.5 Slings
 + Level 0.5 Bows
 + Level 0.5 Crossbows
 + Level 0.5 Throwing
 + Level 0.5 Armour
 + Level 4.5 Dodging
 + Level 9.5 Stealth
 + Level 0.5 Shields
 + Level 0.5 Unarmed Combat
 + Level 0.5 Spellcasting
 + Level 0.4 Conjurations
 + Level 0.4 Hexes
 + Level 0.4 Summonings
 + Level 0.4 Necromancy
 + Level 0.4 Translocations
 + Level 0.4 Transmutations
 + Level 0.4 Fire Magic
 + Level 0.4 Ice Magic
 + Level 0.4 Air Magic
 + Level 0.4 Earth Magic
 + Level 0.4 Poison Magic
 + Level 0.7 Invocations
 + Level 0.5 Evocations


You had 2 spell levels left.
You didn't know any spells.
Your spell library contained the following spells:

 Spells                   Type           Power      Damage    Failure   Level
 Apportation              Tloc           0%         N/A       100%        1
 Sting                    Tmut/Pois      0%         1d3       100%        1
 Poisonous Vapours        Pois/Air       0%         N/A       100%        2
 Olgreb's Toxic Radiance  Pois           0%         N/A       100%        4
 Alistair's Intoxication  Tmut/Pois      0%         N/A       100%        5


Dungeon Overview and Level Annotations

Branches:
Dungeon (5/15)
 Temple: D:4-7

Altars:
Uskayaw


Innate Abilities, Weirdness & Mutations

You have very sharp teeth.
Your uncanny sense of smell can sniff out nearby items.
Your experience applies equally to all skills.


Message History

Found a book of Party Tricks.
d - 4 scrolls of magic mapping (gained 1)
An adder comes into view.
Found 2 viscous golden potions.
You see here a book of Party Tricks.
You pick up a book of Party Tricks and begin reading...
You add the spells Apportation and Alistair's Intoxication to your library.
Your +2 whip of flaming bursts into flame!
l - a +2 whip of flaming (weapon)
The adder hisses angrily.
You miss the adder. Your bite misses the adder. You block the adder's attack.
The adder bites you but does no damage.
You closely miss the adder. The adder barely misses you. The adder bites you.
You closely miss the adder. Your bite misses the adder. The adder bites you.
The adder barely misses you.
You closely miss the adder. Your bite misses the adder.
You block the adder's attack. The adder bites you.
Your shield and leather armour prevent you from hitting the adder.
The adder bites you. You block the adder's attack.
You barely miss the adder. You block the adder's attack.
The adder barely misses you.
You closely miss the adder. The adder bites you. x2
* * * LOW HITPOINT WARNING * * *
You closely miss the adder. You block the adder's attack.
The adder bites you but does no damage.
You closely miss the adder. You block the adder's attack.
The adder bites you but does no damage.
You hit the adder. You burn the adder.
The adder is heavily wounded.
The adder bites you but does no damage. The adder bites you.
* * * LOW HITPOINT WARNING * * *
You closely miss the adder. Your bite misses the adder.
The adder is heavily wounded.
The adder bites you.
* * * LOW HITPOINT WARNING * * *
You are lethally poisoned!
The adder poisons you! You block the adder's attack.
You hit the adder. You burn the adder.
The adder is severely wounded.
You die...

#.........#
#..)......#
#.........#
#.........#
#.........#
#.........# ∆
#.........#
######.........#
.......S@......#
........########
........#
........#
........#
!.......#
........#
........#
#########


You could see an adder.

Vanquished Creatures
  A howler monkey skeleton (D:4)
  A shadow imp (D:5)
  An orc (D:4)
  A kobold (D:4)
4 creatures vanquished.

Notes
Turn   | Place    | Note
-------+----------+-------------------------------------------
     0 | D:5      | Reached skill level 9 in Stealth
     0 | D:5      | MordorOrchid the Gnoll Delver began the quest for the Orb.
     0 | D:5      | Reached XP level 1. HP: 23/23 MP: 1/1
    22 | D:5      | Found a hide-covered altar of Uskayaw.
    39 | D:5      | Reached XP level 2. HP: 18/29 MP: 2/2
    68 | D:5      | Noticed an orc warrior
   221 | D:4      | Succumbed to an adder's poison

Illustrated notes

Levels and vault maps discovered:
D:4:      layout_basic, minmay_temple_entry_tees, kennysheep_nub
D:5:      layout_layer_cave, eat_drink_and_be_merry_uskayaw,
          chequers_serial_rivers_micro_b

Skill      XL: | |
---------------+-+-----
Stealth        | |  9.5
Fighting       | |  6.5
Short Blades   | |  0.5
Long Blades    | |  4.5
Axes           | |  0.5
Maces & Flails | |  0.5
Polearms       | |  0.5
Staves         | |  0.5
Slings         | |  0.5
Bows           | |  0.5
Crossbows      | |  0.5
Throwing       | |  0.5
Armour         | |  0.5
Dodging        | |  4.5
Shields        | |  0.5
Unarmed Combat | |  0.5
Spellcasting   | |  0.5
Conjurations   | |  0.4
Hexes          | |  0.4
Summonings     | |  0.4
Necromancy     | |  0.4
Translocations | |  0.4
Transmutations | |  0.4
Fire Magic     | |  0.4
Ice Magic      | |  0.4
Air Magic      | |  0.4
Earth Magic    | |  0.4
Poison Magic   | |  0.4
Invocations    | |  0.7
Evocations     | |  0.5

Action                   || total
-------------------------++-------
Melee: Falchion          ||    20
       Whip              ||    12
       Bite              ||     1
Armor: Leather armour    ||     9
Dodge: Dodged            ||    14
Block: Tower shield      ||    15

Table legend: (Time is in decaauts)
 A = Elapsed time spent in this place.
 B = Non-inter-level travel time spent in this place.
 C = Inter-level travel time spent in this place.
 D = Time resting spent in this place.
 E = Time spent auto-exploring this place.
 F = Levels seen in this place.
 G = Mean time per level.
                   A        B        C        D        E       F      G
               +--------+--------+--------+--------+--------+-----+--------+
         Total |    234 |    234 |      0 |     66 |      0 |   2 |  117.0 |
       Dungeon |    234 |    234 |      0 |     66 |      0 |   2 |  117.0 |
               +--------+--------+--------+--------+--------+-----+--------+

Top non-repeatable levels by time:
     D:5: 176 daAuts
     D:4: 58 daAuts
